 Dungeon Crawl Stone Soup version 0.25-a0-510-ge065f6de7d (webtiles) character file.

Game seed: 7566661233458670689, levelgen mode: deterministic

11 drasked the Magician (level 2, 0/19 HPs)
             Began as a Mummy Wizard on Feb 15, 2020.
             Slain by a jackal (2 damage)
             ... on level 1 of the Dungeon.
             The game lasted 00:01:41 (352 turns).

drasked the Magician (Mummy Wizard)                  Turns: 352, Time: 00:01:41

Health: 0/19       AC:  2    Str: 10    XL:     2   Next: 17%
Magic:  0/7        EV: 12    Int: 17    God:
Gold:   19         SH:  0    Dex: 10    Spells: 8/9 levels left

rFire    x . .     SeeInvis .   d - +0 dagger
rCold    + . .     Gourm    .   (no shield)
rNeg     + + +     Faith    .   a - +0 robe
rPois    ∞         Spirit   .   b - +0 hat
rElec    .         Reflect  .   (no cloak)
rCorr    .         Harm     .   (no gloves)
MR       .....                  (no boots)
Stlth    ++........             (no amulet)
HPRegen  0.06/turn              (no ring)
MPRegen  0.10/turn              (no ring)

@: no status effects
A: no food or potions, fire vulnerability, cold resistance 1, negative energy
resistance 3, torment resistance, unbreathing
a: no special abilities


You were on level 1 of the Dungeon.
You were not hungry.

You visited 1 branch of the dungeon, and saw 2 of its levels.

You collected 19 gold pieces.

Inventory:

Hand Weapons
 d - a +0 dagger (weapon)
   (You found it on level 2 of the Dungeon)
Missiles
 Q - 8 stones (quivered)
Armour
 a - a +0 robe (worn)
 b - a +0 hat (worn)
Jewellery
 e - a +4 ring of intelligence {unknown}
   (You found it on level 1 of the Dungeon)
 f - an uncursed amulet of regeneration {unknown}
   (You found it on level 1 of the Dungeon)
Scrolls
 c - a scroll of teleportation {unknown}


   Skills:
 - Level 1.5 Dodging
 - Level 1.5 Stealth
 - Level 4.0 Spellcasting
 + Level 1.8 Conjurations
   Level 0.7 Summonings
   Level 0.7 Translocations


You had 8 spell levels left.
You knew the following spells:

 Your Spells              Type           Power        Failure   Level  Hunger
a - Magic Dart            Conj           #...         8%          1    N/A

Your spell library contained the following spells:

 Spells                   Type           Power        Failure   Level  Hunger
 Blink                    Tloc           N/A          19%         2    N/A
 Call Imp                 Summ           #.......     19%         2    N/A
 Slow                     Hex            #.......     24%         2    N/A
 Conjure Flame            Conj/Fire      #.......     32%         3    N/A
 Mephitic Cloud           Conj/Pois/Air  #.......     36%         3    N/A

Dungeon Overview and Level Annotations

Branches:
Dungeon (2/15)

Altars:


Innate Abilities, Weirdness & Mutations

You do not eat or drink.
Your flesh is vulnerable to fire.
You are immune to poison.
Your flesh is cold resistant. (rC+)
You are immune to negative energy. (rN+++)
You are immune to unholy pain and torment.
You can survive without breathing.


Message History

You start resting.
A frilled lizard comes into view.
Aim: a frilled lizard (hasn't noticed you)
The magic dart hits the frilled lizard.
You kill the frilled lizard!
You start resting.
You see here a kobold corpse.
Found a stone staircase leading down.
e - a steel ring
f - a thick diamond amulet A jackal comes into view.
A jackal is nearby!
Aim: a jackal (resting)
The magic dart hits the jackal but does no damage.
The jackal barks!
A jackal comes into view.
Aim: a jackal The magic dart hits the jackal but does no damage.
A jackal comes into view.
Aim: a jackal The magic dart hits the jackal.
The jackal barks!
Aim: a jackal (moderately wounded)
The magic dart hits the jackal.
A jackal comes into view.
The jackal barks!
The jackal closely misses you. The jackal bites you.
You barely miss the jackal. The jackal closely misses you.
Aim: a jackal (almost dead)
The magic dart hits the jackal.
You kill the jackal!
The jackal bites you but does no damage.
Aim: a jackal The magic dart hits the jackal.
* * * LOW MAGIC WARNING * * *
The jackal bites you.
Aim: a jackal (moderately wounded)
The magic dart hits the jackal.
* * * LOW MAGIC WARNING * * *
The jackal bites you but does no damage.
You completely miss the jackal. The jackal closely misses you.
The jackal bites you.
You closely miss the jackal.
The jackal bites you but does no damage.
You hit the jackal but do no damage. The jackal bites you.
The jackal barely misses you.
You closely miss the jackal. The jackal barely misses you.
You hit the jackal but do no damage. The jackal bites you.
* * * LOW HITPOINT WARNING * * *
You completely miss the jackal.
The jackal bites you but does no damage.
The jackal misses you.
You hit the jackal but do no damage.
The jackal bites you but does no damage.
You closely miss the jackal. The jackal barely misses you. x2
Aim: a jackal (severely wounded)
The magic dart hits the jackal.
* * * LOW MAGIC WARNING * * *
The jackal bites you.
* * * LOW HITPOINT WARNING * * *
The jackal bites you.
* * * LOW HITPOINT WARNING * * *
The jackal barely misses you. The jackal closely misses you.
The jackal closely misses you.
You see here a scroll labeled QORUPR FISUGHU.
The jackal pauses to sniff the ground.
The jackal barely misses you.
You see here 10 gold pieces.
The jackal barely misses you. The jackal bites you.
* * * LOW HITPOINT WARNING * * *
Aim: a jackal (severely wounded)
The magic dart hits the jackal.
You kill the jackal!
* * * LOW MAGIC WARNING * * *
The jackal bites you.
* * * LOW HITPOINT WARNING * * *
Aim: a jackal The magic dart hits the jackal.
* * * LOW MAGIC WARNING * * *
The jackal bites you.
* * * LOW HITPOINT WARNING * * *
Aim: a jackal (heavily wounded)
The magic dart hits the jackal.
* * * LOW MAGIC WARNING * * *
The jackal barely misses you. The jackal completely misses you.
The jackal bites you.
* * * LOW HITPOINT WARNING * * *
The jackal pauses to sniff the ground.
The jackal barely misses you.
A hobgoblin comes into view. It is wielding a +0 club.
Unknown command.
The hobgoblin shouts!
Aim: a jackal (heavily wounded)
The magic dart hits the jackal.
* * * LOW MAGIC WARNING * * *
The jackal bites you.
You die...

########.#
#..?.h...#
#h######## #.#
##h## #.####.#.##
#.h...###h#
######.#.##
#.########...
.......#h.h@..$.g#
#######.##########
#. #. ##


You could see 2 jackals and a hobgoblin.

Levels and vault maps discovered:
D:1:      saegor_arrival_miasma, layout_loops_ring, minmay_split_cup_large
D:2:      layout_loops_ring, nicolae_overflow_crystal_walls,
          kennysheep_generic_room_8

Notes
Turn   | Place    | Note
-------+----------+-------------------------------------------
     0 | D:1      | drasked the Mummy Wizard began the quest for the Orb.
     0 | D:1      | Reached XP level 1. HP: 13/13 MP: 5/5
     5 | D:1      | You fall into a shaft and drop 1 floor!
     8 | D:2      | Identified a +0 dagger (You found it on level 2 of the
                  | Dungeon)
    19 | D:1      | Identified a +0 club
    25 | D:1      | Identified a +0 short sword
    28 | D:1      | Reached skill level 1 in Conjurations
    59 | D:1      | Identified a cursed -3 dagger
   103 | D:1      | Identified a +0 club
   105 | D:1      | Identified a +0 dagger
   234 | D:1      | Reached XP level 2. HP: 19/19 MP: 4/7
   342 | D:1      | HP: 4/19 [jackal (2)]
   347 | D:1      | HP: 2/19 [jackal (2)]
   350 | D:1      | Identified a +0 club
   352 | D:1      | Slain by a jackal

Table legend:
 A = Turns spent in this place as a percentage of turns spent in the entire game.
 B = Non-inter-level travel turns spent in this place as a percentage of non-inter-level travel turns spent in the entire game.
 C = Inter-level travel turns spent in this place as a percentage of turns spent in this place.
 D = Turns resting spent in this place as a percentage of non-inter-level travel turns spent in this place.
 E = Turns spent auto-exploring this place as a percentage of non-inter-level travel turns spent in this place.
 F = Non-inter-level travel turns spent in this place divided by the number of levels of this place that you've seen.
                   A       B       C       D       E      F
               +-------+-------+-------+-------+-------+----------------------
         Total | 100.0 | 100.0 |   0.0 |  44.6 |  23.6 | 176.0
       Dungeon | 100.0 | 100.0 |   0.0 |  44.6 |  23.6 | 176.0
               +-------+-------+-------+-------+-------+----------------------

Table legend:
 A = Kills in this place as a percentage of kills in entire the game.
 B = Kills by you in this place as a percentage of kills by you in the entire game.
 C = Kills by friends in this place as a percentage of kills by friends in the entire game.
 D = Other kills in this place as a percentage of other kills in the entire game.
 E = Experience gained in this place as a percentage of experience gained in the entire game.
 F = Experience gained in this place divided by the number of levels of this place that you have seen.
                   A       B       C       D       E      F
               +-------+-------+-------+-------+-------+----------------------
         Total | 100.0 | 100.0 |   N/A |   N/A | 100.0 |   8.5
       Dungeon | 100.0 | 100.0 |   N/A |   N/A | 100.0 |   8.5
               +-------+-------+-------+-------+-------+----------------------

Skill      XL: |  1 |
---------------+----+-----
Conjurations   | 1 |  1.8
Dodging        | |  1.5
Stealth        | |  1.5
Spellcasting   | |  4.0
Summonings     | |  0.7
Translocations | |  0.7

Action                   || total
-------------------------++-------
Melee: Dagger            ||     9
 Cast: Magic Dart        ||    29
Armor: Robe              ||     5
Dodge: Dodged            ||    17

Vanquished Creatures
  A bat (D:1)
  2 goblins (D:1)
  2 jackals (D:1)
  A frilled lizard (D:1)
  4 kobolds (D:1)
  2 rats (D:1)
12 creatures vanquished.
